AoeStats
← Fs.Black_

Nomad

504897294Analyzed
4v4 RM · 26d ago on Sep 7, 2026· 38m 30s· 8 players
Game mode
Random Map
Map size
231×231
Population
200
Speed
Normal
Resources
Standard
Victory
Conquest
Starting age
Dark Age
Ending age
Imperial Age
RankedLock teamsTeams togetherTeam positionsShared explorationLock speedFull tech treeHidden civsTurbo modeCheats
Victory
Defeat
🇹🇼 Spanish · Taiwan
1863
+9
🇦🇷 Koreans · Argentina
1776
+12
🇺🇸 Huns · United States
1719
+14
🇲🇽 Khmer · Mexico
1644
+17
🇧🇷 Vietnamese · Brazil
1757
-16
🇧🇷 Mongols · Brazil
1727
-15
🇧🇷 Mapuche · Brazil
1667
-12
🇧🇷 Dravidians · Brazil
1589
-9
Calais
4:21 Loom
13:03 Feudal Age
13:54 Town Watch
16:59 Castle Age
15:28 Double-Bit Axe
16:31 Gold Mining
18:21 Wheelbarrow
20:16 Fishing Lines
21:20 Bow Saw
26:08 Horse Collar
32:27 Imperial Age
30:51 Fletching
33:12 Bodkin Arrow
33:26 Scale Barding Armor
34:09 Conscription
36:42 Heavy Plow
38:04 Chain Barding Armor
37:48 Husbandry
37:58 Bloodlines
38:37 Marauders
39:25 Plate Barding Armor
|Thepejezombie
3:29 Loom
13:21 Feudal Age
16:17 Castle Age
14:23 Double-Bit Axe
17:08 Medium Warships
17:14 Bow Saw
22:30 Town Watch
Agusjj
4:28 Loom
12:52 Feudal Age
13:35 Double-Bit Axe
19:54 Castle Age
18:03 Gold Mining
21:27 Murder Holes
22:33 Bow Saw
24:02 Horse Collar
27:56 Town Watch
30:37 Wheelbarrow
32:19 Hand Cart
38:00 Imperial Age
37:31 Gold Shaft Mining
36:58 Heavy Plow
38:06 Fletching
38:27 Stone Mining
39:03 Bodkin Arrow
[LuB]a61
9:08 Loom
14:31 Feudal Age
18:16 Castle Age
16:41 Double-Bit Axe
16:38 Fishing Lines
20:04 Padded Archer Armor
22:19 Leather Archer Armor
29:51 Bloodlines
29:42 Husbandry
32:10 Husbandry
32:43 Horse Collar
36:39 Wheelbarrow
36:47 Bow Saw
40:46 Imperial Age
Fs.Jubileu
4:59 Loom
13:25 Feudal Age
16:51 Fletching
18:20 Town Watch
23:36 Castle Age
22:54 Gold Mining
23:39 Crossbowman
24:15 Bodkin Arrow
25:03 Padded Archer Armor
Fs.Shiling
5:35 Loom
14:07 Feudal Age
17:52 Castle Age
18:29 Double-Bit Axe
19:15 Fletching
30:59 Sanctity
30:45 Bodkin Arrow
32:14 Horse Collar
33:04 Heavy Plow
37:03 Imperial Age
35:56 Bow Saw
36:55 Wheelbarrow
36:31 Gold Mining
36:32 Stone Mining
37:48 Bracer
38:19 Stone Mining
39:43 Chemistry
Oni.Nego
12:42 Feudal Age
14:08 Loom
17:04 Castle Age
16:11 Fletching
17:42 Bodkin Arrow
17:31 Fishing Lines
23:06 Padded Archer Armor
24:49 Ballistics
33:06 Double-Bit Axe
Fs.Black_
4:38 Loom
12:47 Feudal Age
16:41 Castle Age
16:02 Double-Bit Axe
20:49 Fletching
27:01 Bodkin Arrow
30:56 Horse Collar
33:44 Bow Saw
35:05 Wheelbarrow
35:16 Gold Mining
37:08 Padded Archer Armor
41:17 Imperial Age
39:12 Ballistics
Connection lost

Rejoining the realm…

Still unreachable

The connection could not be restored.

Session expired

The server has moved on; the page needs a fresh start.